 Dungeon Crawl Stone Soup version 0.26.1-11-gd32895ea62 (webtiles) character file.

Game seed: 5131077476473445805

133 Revguard the Slasher (level 4, -1/34 HPs)
             Began as a Demonspawn Gladiator on June 12, 2021.
             Killed from afar by an orc wizard (7 damage)
             ... with a magic dart
             ... on level 3 of the Dungeon.
             The game lasted 00:04:36 (2683 turns).

Revguard the Slasher (Demonspawn Gladiator)         Turns: 2683, Time: 00:04:37

Health: -1/34      AC:  4    Str: 15    XL:     4   Next: 93%
Magic:  4/4        EV: 13    Int:  9    God:
Gold:   116        SH:  0    Dex: 15    Spells: 3/3 levels left

rFire    . . .     SeeInvis .   a - +0 long sword
rCold    + . .     Faith    .   (no shield)
rNeg     . . .     Spirit   .   b - +0 leather armour
rPois    .         Reflect  .   c - +0 helmet
rElec    .         Harm     .   (no cloak)
rCorr    .         Rampage  .   (no gloves)
Will     .....                  (no boots)
Stlth    +.........             (no amulet)
HPRegen  0.11/turn              (no ring)
MPRegen  0.09/turn              (no ring)

@: confused
A: claws 1, cold resistance 1
a: no special abilities


You were on level 3 of the Dungeon.
You visited 1 branch of the dungeon, and saw 3 of its levels.

You collected 116 gold pieces.

Inventory:

Hand Weapons
 a - a +0 long sword (weapon)
Missiles
 d - 3 throwing nets (quivered)
Armour
 b - a +0 leather armour (worn)
 c - a +0 helmet (worn)
Wands
 g - a wand of digging (6)
Scrolls
 e - 3 scrolls of identify
 f - 4 scrolls of magic mapping


   Skills:
 + Level 2.6 Fighting
 + Level 3.9 Long Blades
 - Level 1.7 Throwing
 * Level 2.1 Armour
 + Level 3.1 Dodging
 + Level 0.2 Stealth


You had 3 spell levels left.
You didn't know any spells.
Your spell library was empty.

Dungeon Overview and Level Annotations

Branches:
Dungeon (3/15)

Altars:
Hepliaklqana
Ru
Trog
Yredelemnul


Innate Abilities, Weirdness & Mutations

You have sharp fingernails.
Your flesh is cold resistant. (rC+)


Message History

You hear some strange, mumbled words.
A puff of flame appears from out of thin air!
The puff of flame hits you!
You hit something. The bat barely misses you.
You hear some strange, mumbled words.
A magic dart appears from out of thin air!
The magic dart hits you.
* * * LOW HITPOINT WARNING * * *
You miss something. The bat hits you.
* * * LOW HITPOINT WARNING * * *
Something hits you.
* * * LOW HITPOINT WARNING * * *
You aren't carrying any potions.
You miss something. The bat barely misses you.
You hear some strange, mumbled words.
You are confused.
The bat hits you but does no damage.
A magic dart appears from out of thin air!
The magic dart hits you!
You die...

###. . ..$.. ...
.....## ###..#
.......####.o.O.##
#....$.......
##oo..o##.###
#{##### ...####.#
....b.†@#
....##### ..


You could see 2 orcs and a bat.

Vanquished Creatures
  6 adders
  An ooze (D:2)
  2 worms (D:2)
  3 dart slugs
  A leopard gecko (D:1)
  2 orcs (D:3)
  8 bats
  A giant cockroach (D:2)
  6 goblins
  5 hobgoblins (D:1)
  8 jackals
  3 frilled lizards
  8 kobolds
  7 rats
61 creatures vanquished.

Notes
Turn   | Place    | Note
-------+----------+-------------------------------------------
     0 | D:1      | Revguard the Demonspawn Gladiator began the quest for the
                  | Orb.
     0 | D:1      | Reached XP level 1. HP: 16/16 MP: 1/1
   186 | D:1      | Gained mutation: You have sharp fingernails. [demonic
                  | ancestry]
   186 | D:1      | Reached XP level 2. HP: 13/22 MP: 2/2
   636 | D:1      | Gained mutation: Your flesh is cold resistant. (rC+)
                  | [demonic ancestry]
   636 | D:1      | Reached XP level 3. HP: 26/27 MP: 3/3
   679 | D:1      | Reached skill level 1 in Armour
  1642 | D:2      | Reached XP level 4. HP: 33/33 MP: 4/4
  1686 | D:2      | Found a hazy altar of Hepliaklqana.
  1688 | D:2      | Found a basalt altar of Yredelemnul.
  1715 | D:2      | Found a sacrificial altar of Ru.
  2259 | D:2      | Found a bloodstained altar of Trog.
  2662 | D:3      | Noticed an ogre
  2683 | D:3      | Killed from afar by an orc wizard

Illustrated notes

Levels and vault maps discovered:
D:1:      mainiacjoe_arrival_reflecting_pool, layout_basic,
          ebering_dispersal_statue_hall
D:2:      layout_basic, lightli_temple_of_fire, nicolae_ru_sacrificial_ziggurat,
          minitemple
D:3:      layout_rooms, lemuel_round_altar, nicolae_overflow_crystal_walls,
          nicolae_dithmenos_through_a_glass_darkly

Skill      XL: |  1  2  3  4 |
---------------+-------------+-----
Dodging        | 3 |  3.1
Long Blades    | 3 |  3.9
Armour         | 1 2 |  2.1
Fighting       | |  2.6
Throwing       | |  1.7
Stealth        | |  0.2

Action                   |  1- 3 |  4- 6 || total
-------------------------+-------+-------++-------
Melee: Long sword        |   118 |    61 ||   179
Throw: Throwing net      |       |     1 ||     1
  Use: Scroll            |     5 |     1 ||     6
       Potion            |     2 |       ||     2
 Stab: Sleeping          |     1 |     1 ||     2
Armor: Leather armour    |    36 |    26 ||    62
       Skin              |     1 |       ||     1
Dodge: Dodged            |    99 |    76 ||   175
       Rpst.: Long sword |    30 |    29 ||    59
